 Dungeon Crawl Stone Soup version 0.18-a0-1045-g4e042de (webtiles) character file.

517 Duffy the Firebug (level 7, 59/59 HPs)
             Began as a Mottled Draconian Fire Elementalist on Jan 11, 2016.
             Was an Initiate of Sif Muna.
             Quit the game on level 5 of the Dungeon on Jan 12, 2016.
             The game lasted 00:05:15 (5435 turns).

Duffy the Firebug (DrFE)                            Turns: 5435, Time: 00:05:15

Health: 59/59      AC:  6    Str: 11    XL:     7   Next: 0%
Magic:  9/11       EV: 12    Int: 17    God:    Sif Muna [......]
Gold:   315        SH:  0    Dex: 11    Spells: 3 memorised, 3 levels left

rFire  . . .     SeeInvis .     e - +1 dagger (venom)
rCold  . . .     Gourm    .     (armour unavailable)
rNeg   . . .     Faith    .     (no shield)
rPois  .         Spirit   .     (helmet restricted)
rElec  .         Dismiss  .     (no cloak)
rCorr  .         Reflect  .     (no gloves)
SustAt .         Harm     .     (no boots)
MR     .....                    (no amulet)
Stlth  ++........               (no ring)
                                (no ring)

@: not resistant to hostile enchantments, unstealthy
A: breathe sticky flame splash, unfitting armour, cold-blooded, AC +6
a: Breathe Sticky Flame, Renounce Religion


You were on level 5 of the Dungeon.
You worshipped Sif Muna.
Sif Muna was noncommittal.
You were hungry.

You visited 1 branch of the dungeon, and saw 5 of its levels.

You collected 315 gold pieces.


Innate Abilities, Weirdness & Mutations

You can spit globs of burning liquid.
You can ignite nearby creatures when you spit burning liquid.
Your weird mottled scales are hard (AC +6).
Your body does not fit into most forms of armour.
You are cold-blooded and may be slowed by cold attacks.


   Skills:
 - Level 4.0 Fighting
 - Level 1.8 Dodging
 - Level 1.8 Stealth
 + Level 2.9 Spellcasting
 * Level 4.6 Conjurations
 * Level 4.8 Fire Magic


You had 3 spell levels left.
You knew the following spells:

 Your Spells              Type           Power        Failure   Level  Hunger
a - Flame Tongue          Conj/Fire      ###..        2%          1    #......
j - Sticky Flame          Conj/Fire      ###.....     30%         4    #####..
l - Conjure Flame         Conj/Fire      ###.....     10%         3    ###....

Inventory:

Hand Weapons
 e - a +1 dagger of venom (weapon)
 s - a +0 blowgun
Missiles
 p - 2 curare-tipped needles
 t - 34 poisoned needles
Wands
 y - a wand of paralysis (9/24)
Scrolls
 g - 4 scrolls of identify {unknown}
 h - 5 scrolls of teleportation {unknown}
 n - a scroll of magic mapping {unknown}
 o - a scroll of enchant weapon {unknown}
 u - a scroll of amnesia {unknown}
 v - a scroll of fog {unknown}
 w - a scroll of remove curse {unknown}
 x - a scroll of fear {unknown}
Potions
 d - 2 potions of magic {unknown}
 i - a potion of degeneration {unknown}
 j - a potion of curing {unknown}
 k - a potion of mutation {unknown}
 l - a potion of haste {unknown}
 m - a potion of cancellation {unknown}
 q - 2 potions of brilliance {unknown}
 z - a potion of lignification {unknown}
 A - a potion of flight {unknown}
Books
 a - a book of Flames
Comestibles
 b - 5 bread rations
 c - a beef jerky
 f - a royal jelly
 r - a meat ration

Dungeon Overview and Level Annotations

Branches:
Dungeon (5/15)             Temple (0/1) D:4

Altars:
Cheibriados
Dithmenos
Gozag
Pakellas
Qazlal
Sif Muna


Message History

Press: ? - help, Shift-Dir - straight line, f - adder
Aim: an adder (resting)
The flame tongue hits the adder.
The adder is moderately wounded.
Cast which spell? (? or * to list)
You can't see any susceptible monsters within range! (Use Z to cast anyway.) Cast which spell? (? or * to list)
You can't see any susceptible monsters within range! (Use Z to cast anyway.) Cast which spell? (? or * to list)
You can't see any susceptible monsters within range! (Use Z to cast anyway.)
The adder bites the bush but does no damage.
Magic restored.
The adder bites the bush but does no damage. x2
The adder bites the bush but does no damage.
You can no longer tap ambient magical fields.
The adder bites the bush but does no damage.
A - a pink potion The adder bites the bush but does no damage. x2
Cast which spell? (? or * to list)
You can't see any susceptible monsters within range! (Use Z to cast anyway.) Cast which spell? (? or * to list)
You can't see any susceptible monsters within range! (Use Z to cast anyway.)
The adder bites the bush but does no damage.
Cast which spell? (? or * to list)
Aiming: Flame Tongue
Press: ? - help, Shift-Dir - straight line, f/p - adder
Aim: an adder (moderately wounded)
The flame tongue hits the adder.
You kill the adder!
You have reached level 7!
Your scales start taking on a weird mottled colour.
Welcome back, Duffy the Mottled Draconian Fire Elementalist.
Sif Muna whispers: I know many secrets...
Press ? for a list of commands and other information.
Are you sure you want to abandon this character and quit the game? (Confirm with "yes".)

P##.#### .
.#.#..
.PPP.....####.
..P#.........
PPP...#......
P.P.?..#..%#
P.P.P.P#.....#
P.....P.@..#
PPPPP.P#.#...#
....P#.##.##


PP.PP #.# ... # #.# ##. #.##.# # #....# #.#### #.# There were no monsters in
sight!

Action                   |  1- 3 |  4- 6 |  7- 9 || total
-------------------------+-------+-------+-------++-------
Melee: Dagger            |    97 |   284 |       ||   381
       Unarmed           |     2 |       |       ||     2
 Cast: Flame Tongue      |    24 |    19 |     1 ||    44
       Conjure Flame     |       |     3 |       ||     3
 Stab: Sleeping          |     3 |     2 |       ||     5
  Eat: Chunk             |     3 |    12 |       ||    15

Notes
Turn   | Place    | Note
--------------------------------------------------------------
     0 | D:1      | Duffy the Draconian Fire Elementalist began the quest for the Orb.
     0 | D:1      | Reached XP level 1. HP: 14/14 MP: 3/3
   175 | D:1      | Reached skill level 2 in Conjurations
   259 | D:1      | Reached XP level 2. HP: 20/20 MP: 3/5
   573 | D:1      | Reached skill level 3 in Conjurations
   573 | D:1      | Reached XP level 3. HP: 26/26 MP: 6/6
   601 | D:1      | Learned a level 3 spell: Conjure Flame
  1143 | D:2      | Reached skill level 1 in Fighting
  1212 | D:2      | Found a faded altar to an unknown god.
  1272 | D:2      | Reached skill level 2 in Fighting
  1619 | D:2      | Reached XP level 4. HP: 33/36 MP: 7/7
  1810 | D:2      | Reached skill level 3 in Fighting
  1815 | D:2      | Noticed Robin
  2125 | D:3      | Killed Robin
  2348 | D:2      | Reached XP level 5. HP: 28/46 MP: 8/8
  2574 | D:2      | Reached skill level 4 in Fighting
  2912 | D:2      | Learned a level 4 spell: Sticky Flame
  3330 | D:3      | Found a shadowy altar of Dithmenos.
  3655 | D:3      | Found a deep blue altar of Sif Muna.
  3676 | D:3      | Became a worshipper of Sif Muna the Loreminder
  3729 | D:3      | Reached XP level 6. HP: 47/52 MP: 9/9
  4340 | D:4      | Reached skill level 4 in Conjurations
  4671 | D:4      | Reached skill level 4 in Fire Magic
  4749 | D:4      | Found a staircase to the Ecumenical Temple.
  4996 | D:4      | Reached * piety under Sif Muna
  5118 | D:4      | Found an opulent altar of Gozag.
  5130 | D:4      | Found a snail-covered altar of Cheibriados.
  5159 | D:4      | Found an oddly glowing altar of Pakellas.
  5170 | D:4      | Found a stormy altar of Qazlal.
  5400 | D:5      | Entered Level 5 of the Dungeon
  5434 | D:5      | Reached XP level 7. HP: 59/59 MP: 9/11
  5435 | D:5      | Quit the game

Vault maps used:
D:1:      saegor_arrival_miasma, minmay_vboxes
D:2:      ecumenical_altar_2, uniq_robin
D:3:      lemuel_doored_altar, grunt_dithmenos_smoke, st_stairs_5
D:4:      nicolae_overflow_quartered_altars, temple_fountains
D:5:      fiery_altar_vehumet, first_bread, minmay_hedge_maze, uniq_menkaure,
          uniq_eustachio, uniq_grinder

Vanquished Creatures
  An ogre
  A crimson imp
  A hound
  An iguana
  A worker ant Robin
  7 gnolls
  11 adders
  3 oozes
  An adder skeleton
  2 worms
  4 giant geckos
  3 ball pythons
  10 bats
  7 giant cockroaches
  14 goblins
  13 hobgoblins
  15 jackals
  8 kobolds
  3 quokkas
  3 giant newts
  12 rats
122 creatures vanquished.
